 Dungeon Crawl Stone Soup version 0.28.0 (webtiles) character file.

Game seed: 10950564549993293203

7555 puppykicker the Cleaver (level 11, 0/95 HPs)
             Began as a Hill Orc Gladiator on Feb 10, 2022.
             Was a Priest of Ashenzari.
             Slain by a spatial vortex (17 damage)
             ... summoned by a spatial maelstrom
             ... on level 2 of the Abyss.
             The game lasted 00:44:44 (10630 turns).

puppykicker the Cleaver (Hill Orc Gladiator)       Turns: 10630, Time: 00:44:44

Health: 0/95       AC: 15    Str: 17 (18) XL:     11   Next: 17%
Magic:  17/17      EV: 16    Int: 10 (12) God:    Ashenzari [***...]
Gold:   171        SH:  0    Dex: 10 (12) Spells: 11/19 levels left

rFire   x . .      SeeInvis +   a - +0 battleaxe
rCold   + + +      Faith    .   (shield currently unavailable)
rNeg    . . .      Spirit   .   F - +4 ring mail of Supernal Wisdom {rElec rPois rF- rC+++, Melee, Elem} (curse)
rPois   +          Reflect  .   c - +0 helmet "Thunder Perfect Mind" {Alch, Cun} (curse)
rElec   +          Harm     .   d - +2 cloak of Supernal Understanding {Self, Cun} (curse)
rCorr   .          Rampage  .   (no gloves)
Will    .....      Clarity  +   (no boots)
Stlth   +.........              m - amulet "Unveiling Negation" {RegenMP, Self, Alch} (curse)
HPRegen 0.25/turn               n - ring of the Omniscient Chagrin {EV+4, Bglg, Fort} (curse)
MPRegen 0.55/turn               (no ring)

@: no status effects
A: [deterioration 2], [subdued magic 2]
a: Renounce Religion, Curse Item, Shatter the Chains


You were on level 2 of the Abyss.
You worshipped Ashenzari.
Ashenzari was most pleased with you.
You visited 1 branch of the dungeon, and saw 9 of its levels.
You visited the Abyss 1 time.

You collected 591 gold pieces.
You spent 420 gold pieces at shops.

Inventory:

Hand Weapons
 a - a +0 battleaxe (weapon)
 b - a +0 hand axe of flaming
Missiles
 l - 5 atropa-tipped darts
 o - 5 poisoned darts
 p - 5 throwing nets
 E - 4 boomerangs (quivered)
Armour
 c - the cursed +0 helmet "Thunder Perfect Mind" (worn) {Alch, Cun}

   It has a curse which improves the following skills: Alchemy: Poison Magic and
   Transmutations.
   Cunning:   Dodging and Stealth.
 d - the cursed +2 cloak of Supernal Understanding (worn) {Self, Cun}
   (You took it off Crazy Yiuf on level 2 of the Dungeon)

   It has a curse which improves the following skills: Introspection: Fighting
   and Spellcasting.
   Cunning:   Dodging and Stealth.
 s - a +0 helmet
 F - the cursed +4 ring mail of Supernal Wisdom (worn) {rElec rPois rF- rC+++, Melee, Elem}
   (You found it on level 4 of the Dungeon)

   rF:        It makes you vulnerable to fire.
   rC:        It renders you almost immune to cold.
   rElec:     It insulates you from electricity.
   rPois:     It protects you from poison.
   It has a curse which improves the following skills: Melee Combat: Short
   Blades, Long Blades, Axes, Maces & Flails, Polearms, Staves and Unarmed
   Combat.
   Elements:  Fire Magic, Ice Magic, Air Magic and Earth Magic.
Jewellery
 m - the cursed amulet "Unveiling Negation" (around neck) {RegenMP, Self, Alch}
   (You took it off Terence on level 2 of the Dungeon)

   [amulet of magic regeneration]

   It increases your rate of magic regeneration.
   It has a curse which improves the following skills: Introspection: Fighting
   and Spellcasting.
   Alchemy:   Poison Magic and Transmutations.
 n - the cursed ring of the Omniscient Chagrin (left hand) {EV+4, Bglg, Fort}
   (You found it on level 8 of the Dungeon)

   [ring of evasion]

   EV:        It affects your evasion (+4).
   It has a curse which improves the following skills: Beguiling: Conjurations,
   Hexes and Translocations.
   Fortitude: Armour and Shields.
 G - an amulet of guardian spirit {Spirit}
Wands
 y - a wand of polymorph (4)
Scrolls
 e - a scroll of fear
 f - 2 scrolls of fog
 g - 4 scrolls of noise {!r}
 i - 7 scrolls of identify
 j - 5 scrolls of enchant armour
 k - 4 scrolls of immolation {!r}
 q - 4 scrolls of amnesia
 u - a scroll of holy word {!r}
 B - a scroll of blinking {!r}
Potions
 h - 2 potions of magic
 r - 2 potions of curing
 w - 2 potions of flight
 x - 3 potions of lignification {!q}
 z - a potion of brilliance
 A - a potion of mutation {!q}
 D - a potion of ambrosia


   Skills:
 - Level 6.2(8.7) Fighting
 * Level 14.9(16.4) Axes
 - Level 1.7 Throwing
 - Level 6.0(7.6) Armour
 - Level 2.6(4.6) Dodging
 - Level 2.5(4.5) Spellcasting
 + Level 5.9(7.5) Conjurations
 + Level 7.9(9.6) Fire Magic


You had 11 spell levels left.
You knew the following spells:

 Your Spells              Type           Power      Damage    Failure   Level
a - Foxfire               Conj/Fire      48%        2x1d6     1%          1
b - Flame Wave            Conj/Fire      12%        2d6       8%          4
c - Conjure Flame         Conj/Fire      12%        6-21      1%          3

Your spell library contained the following spells:

 Spells                   Type           Power      Damage    Failure   Level
 Inner Flame              Hex/Fire       7%         N/A       11%         3
 Confusing Touch          Hex            1%         N/A       67%         3
 Ozocubu's Armour         Ice            1%         N/A       67%         3
 Yara's Violent Unravell  Hex/Tmut       0%         3d3       100%        5
 Enfeeble                 Hex            0%         N/A       100%        7
 Ozocubu's Refrigeration  Ice            0%         4d5       100%        7


Dungeon Overview and Level Annotations

Branches:
Dungeon (9/15)             Temple (0/1) D:4            Lair (0/6) D:8
    Orc: D:9-12

Altars:
Ashenzari
Gozag

Shops:
D:6 (   D:7 !

Annotations:
D:4 3 runed translucent doors, coolio's ghost, amateur DrFi; lonewolfV2's ghost, amateur DsFi; reversiblehash's ghost, amateur MiFi


Innate Abilities, Weirdness & Mutations

[Your body often deteriorates upon taking damage.]
[Your spells are easier to cast, but less powerful.]


Message History

The spatial maelstrom barely misses you.
The spatial maelstrom hits you!
* * * LOW HITPOINT WARNING * * *
Space warps horribly around you!
* * * LOW HITPOINT WARNING * * *
Your body deteriorates!
You feel weakened.
The tarantella touches you but does no damage.
A spatial vortex comes into view.
You take 23 damage, and have 14/95 hp.
MASSIVE DAMAGE!!
You barely miss the spatial maelstrom. You miss the tarantella.
You hit the hellwing but do no damage.
The tarantella touches you but does no damage.
The hellwing hits you.
* * * LOW HITPOINT WARNING * * *
The hellwing hits you but does no damage.
The spatial maelstrom closely misses you.
The spatial maelstrom hits you!
* * * LOW HITPOINT WARNING * * *
You blink.
You take 13 damage, and have 1/95 hp.
Unknown command.
Unknown command.
You feel better.
The spatial vortex completely misses you. x2
A spatial vortex comes into view.
You regained 7 hp, and now have 8/95 hp.
You feel better.
The spatial maelstrom hits you but does no damage. x2
You regained 11 hp, and now have 19/95 hp.
The spatial maelstrom closely misses you.
The spatial maelstrom hits you but does no damage.
A spatial vortex comes into view.
You feel better. The spatial vortex hits you!
* * * LOW HITPOINT WARNING * * *
Your body deteriorates!
You feel dopey. Space warps horribly around you!
You die...

* ,## , , ,
*,..*** * * , , ,,
#.***,*, ,* * * ,
#. , *** , * * #.
* * * * * ,
#.######.#.#
*,*#...... ....
**, #
######..v####### ,
* ....#...4sv@...#
* ,*
*#..#..v.v.v..# ,,
,*
,#..#.##.v#####§.#
...,####.#.# * ##,
, .#. *##### , .,*
** * * * , ** ≈*≈
* * , .* * # ≈ * ,
* . *, **∩ ≈ ≈ ,


You could see a spatial maelstrom, 5 spatial vortices, a hellwing and a
tarantella.

Levels and vault maps discovered:
D:1:      onia_arrival_mini_spirals, layout_basic
D:2:      layout_loops_ring, shapermc_ecumenical_altar_starsandcircs,
          uniq_crazy_yiuf_cottage, uniq_terence, uniq_natasha
D:3:      layout_basic, st_stairs_6, grunt_decor_fettered,
          minmay_gold_behind_fungi, serial_bayou_pond_e,
          minmay_randomly_rotated_circles, uniq_robin
D:4:      layout_rooms, temple_doors_e, gammafunk_ghost_cemetery,
          minmay_misc_feat_ornament, dk_noncrumbling_2
D:5:      layout_cave_pools, uniq_blork_the_orc
D:6:      layout_basic, serial_shops, nicolae_shop_bloodbath_and_beyond,
          minmay_misc_feat_iff, st_stairs_2
D:7:      layout_gridville, serial_shops, nicolae_square_shop
D:8:      layout_layer_cave, mainiacjoe_overflow_concentric_impassable,
          dpeg_lair_monsters, nicolae_shop_overcharged_wands, uniq_harold
D:9:      cheibrodos_wizards_tower, layout_basic
Abyss:2:  base: D:3, evilmike_abyss_exit_6, evilmike_abyss_exit_6,
          evilmike_abyss_exit_6, evilmike_abyss_exit_7

Notes
Turn   | Place    | Note
-------+----------+-------------------------------------------
     0 | D:1      | puppykicker the Hill Orc Gladiator began the quest for the
                  | Orb.
     0 | D:1      | Reached XP level 1. HP: 18/18 MP: 1/1
   171 | D:1      | Reached XP level 2. HP: 16/25 MP: 2/2
   173 | D:1      | Learned a level 1 spell: Foxfire
   185 | D:1      | Identified a +0 ring mail
   311 | D:1      | Identified a +0 dagger
   313 | D:1      | Identified a +0 club
   317 | D:1      | Reached skill level 1 in Armour
   521 | D:1      | Identified a +0 dagger
   530 | D:1      | Reached XP level 3. HP: 30/30 MP: 3/3
   832 | D:1      | Identified a +0 dagger
  1232 | D:2      | Identified a +2 morningstar of holy wrath
  1232 | D:2      | Identified a +0 chain mail
  1232 | D:2      | Noticed Terence
  1303 | D:2      | Identified a +0 dagger
  1319 | D:2      | Found a faded altar of an unknown god.
  1321 | D:2      | Noticed Natasha
  1337 | D:2      | Killed Natasha
  1338 | D:2      | Reached skill level 3 in Fighting
  1338 | D:2      | Reached skill level 5 in Axes
  1338 | D:2      | Reached XP level 4. HP: 26/38 MP: 4/4
  1443 | D:2      | Prayed at the altar of an unknown god.
  1443 | D:2      | Became a worshipper of Ashenzari the Shackled
  1539 | D:2      | Reached skill level 1 in Fire Magic
  1567 | D:2      | Noticed Natasha
  1575 | D:2      | Killed Natasha
  1576 | D:2      | Reached skill level 1 in Conjurations
  1653 | D:2      | Found a runed translucent door.
  1654 | D:2      | Identified a +3 quarterstaff of chaos
  1654 | D:2      | Identified a +2 cloak
  1654 | D:2      | Noticed Crazy Yiuf
  1731 | D:2      | Identified a +0 giant club
  1731 | D:2      | Noticed an ogre
  1750 | D:2      | Killed an ogre
  1751 | D:2      | Reached XP level 5. HP: 45/45 MP: 4/6
  1794 | D:2      | Identified a +0 leather armour
  1911 | D:2      | Identified a +0 club
  1953 | D:2      | Noticed Natasha
  1962 | D:2      | Killed Natasha
  1963 | D:2      | Reached skill level 2 in Armour
  1963 | D:2      | Reached skill level 1 in Spellcasting
  2340 | D:2      | Killed Crazy Yiuf
  2341 | D:2      | Reached XP level 6. HP: 26/51 MP: 7/7
  2343 | D:2      | Identified an amulet of magic regeneration
  2558 | D:2      | Killed Terence
  2709 | D:3      | Reached * piety under Ashenzari
  2709 | D:3      | Identified 3 scrolls of identify
  2709 | D:3      | Identified a potion of lignification
  2709 | D:3      | Identified a scroll of noise
  2709 | D:3      | Identified a scroll of enchant armour
  2709 | D:3      | Identified 3 scrolls of immolation
  2709 | D:3      | Identified a potion of haste
  2709 | D:3      | Identified a scroll of amnesia
  2737 | D:3      | Identified a +0 plate armour
  3000 | D:3      | Reached skill level 6 in Axes
  3000 | D:3      | Reached skill level 2 in Fire Magic
  3031 | D:3      | Reached skill level 2 in Conjurations
  3036 | D:3      | Identified a scroll of blinking
  3037 | D:3      | Identified a +0 ring mail
  3037 | D:3      | Identified a potion of curing
  3103 | D:3      | Identified a +0 club
  3103 | D:3      | Identified a +0 spear
  3193 | D:3      | Identified a +0 club
  3194 | D:3      | Identified a +0 short sword
  3194 | D:3      | Identified a +0 hand axe
  3195 | D:3      | Identified a +0 mace
  3196 | D:3      | Identified a +0 hand axe
  3236 | D:3      | Identified a +0 club
  3236 | D:3      | Identified a +0 club
  3236 | D:3      | Identified a +0 dagger
  3237 | D:3      | Identified a +0 dagger
  3239 | D:3      | Identified a +0 dagger
  3240 | D:3      | Identified a +0 short sword
  3240 | D:3      | Identified a +0 animal skin
  3240 | D:3      | Identified a +0 helmet
  3240 | D:3      | Noticed Robin
  3247 | D:3      | Identified a +0 dagger
  3247 | D:3      | Identified a +0 hunting sling
  3248 | D:3      | Identified a +0 club
  3263 | D:3      | Killed Robin
  3504 | D:3      | Identified a +0 whip
  3635 | D:4      | Identified a +0 dagger
  3635 | D:4      | Identified a +0 robe
  3635 | D:4      | Identified a +0 club
  3635 | D:4      | Identified a +0 chain mail
  3637 | D:4      | Identified a +0 mace
  3637 | D:4      | Identified a +0 dagger
  3637 | D:4      | Identified a +0 scale mail
  3658 | D:3      | HP: 10/53 [iguana (8)]
  3939 | D:4      | Reached skill level 7 in Axes
  3939 | D:4      | Reached skill level 3 in Armour
  3939 | D:4      | Reached XP level 7. HP: 47/60 MP: 10/10
  3945 | D:4      | Identified a +0 spear
  3954 | D:4      | Found a staircase to the Ecumenical Temple.
  3954 | D:4      | Identified a +0 club
  4006 | D:4      | Identified a +0 falchion
  4014 | D:4      | Reached ** piety under Ashenzari
  4018 | D:4      | Identified a +0 hand axe
  4048 | D:4      | Identified the +4 ring mail of Muamaco {rElec rPois rF-
                  | rC+++}
  4154 | D:4      | Identified a +0 leather armour
  4160 | D:4      | Found a runed translucent gate.
  4161 | D:4      | Found a runed translucent gate.
  4163 | D:4      | Found a runed translucent gate.
  4164 | D:4      | Noticed reversiblehash's ghost (amateur MiFi)
  4164 | D:4      | Identified a +0 scale mail
  4165 | D:4      | Noticed lonewolfV2's ghost (amateur DsFi)
  4165 | D:4      | Noticed coolio's ghost (amateur DrFi)
  4177 | D:4      | Identified a +0 giant club
  4470 | D:4      | Identified a +0 scale mail
  4471 | D:4      | Identified a +0 dagger
  4492 | D:4      | Reached skill level 8 in Axes
  4553 | D:4      | Identified an amulet of guardian spirit
  4561 | D:4      | Identified a +0 scale mail
  4561 | D:4      | Identified a +0 war axe
  4561 | D:4      | Identified a +0 mace
  4561 | D:4      | Identified a +0 club
  4561 | D:4      | Identified a +0 leather armour
  4561 | D:4      | Identified a +0 hand axe of flaming
  4561 | D:4      | Identified a +0 chain mail
  4561 | D:4      | Identified a +3 dagger
  4561 | D:4      | Identified a +0 robe
  4563 | D:4      | Identified a +0 short sword
  4563 | D:4      | Identified a +0 leather armour
  4566 | D:4      | Identified a +0 mace
  4612 | D:4      | Learned a level 3 spell: Conjure Flame
  4617 | D:4      | Learned a level 4 spell: Flame Wave
  4622 | D:4      | Identified a potion of magic
  4623 | D:4      | Identified a +0 hand axe
  4657 | D:4      | Identified a potion of flight
  4668 | D:4      | Identified a potion of might
  4922 | D:5      | Entered Level 5 of the Dungeon
  4922 | D:5      | Identified a +0 battleaxe
  4922 | D:5      | Identified a +0 robe
  4922 | D:5      | Noticed Blork the orc
  4931 | D:4      | Reached skill level 4 in Armour
  4964 | D:5      | Identified a +0 cloak
  4965 | D:5      | Identified a scroll of holy word
  4971 | D:5      | Killed Blork the orc
  4972 | D:5      | Reached XP level 8. HP: 61/69 MP: 12/12
  4977 | D:5      | Identified a +0 war axe
  4984 | D:5      | Identified a +0 flail
  5012 | D:5      | Reached skill level 9 in Axes
  5061 | D:5      | Reached skill level 3 in Fire Magic
  5161 | D:5      | Identified a +0 arbalest
  5168 | D:5      | Identified a potion of heal wounds
  5274 | D:5      | Identified a +0 robe
  5361 | D:5      | Identified a +0 leather armour
  5457 | D:6      | Identified a +0 short sword
  5457 | D:6      | Identified a +0 ring mail
  5457 | D:6      | Identified a +0 dagger
  5457 | D:6      | Identified a +0 scale mail
  5457 | D:6      | Identified a +0 short sword
  5457 | D:6      | Identified a +0 flail
  5483 | D:6      | Identified a +0 whip
  5485 | D:6      | Identified a +0 dagger
  5545 | D:6      | Identified a +0 robe
  5691 | D:6      | Identified a +0 arbalest
  5725 | D:6      | Identified a +0 leather armour
  5725 | D:6      | Identified a scroll of teleportation
  5728 | D:6      | Identified a +0 quarterstaff
  5729 | D:6      | Identified a scroll of fog
  5731 | D:6      | Identified a +0 war axe
  5743 | D:6      | Reached skill level 10 in Axes
  5743 | D:6      | Reached skill level 4 in Fire Magic
  5767 | D:6      | Identified a +0 short sword
  5767 | D:6      | Identified a +0 chain mail
  5795 | D:6      | Identified a +0 shortbow
  6062 | D:6      | Reached skill level 11 in Axes
  6142 | D:6      | Identified a potion of brilliance
  6181 | D:6      | Reached XP level 9. HP: 67/74 MP: 13/13
  6181 | D:6      | Identified a +0 hunting sling
  6190 | D:6      | Reached skill level 5 in Fire Magic
  6193 | D:6      | Identified a +0 dagger
  6196 | D:6      | Found Bonumosylu's Weapon Boutique.
  6253 | D:6      | Identified a potion of mutation
  6303 | D:7      | Identified a +0 shortbow
  6306 | D:7      | Reached skill level 4 in Fighting
  6343 | D:7      | Noticed a hornet
  6351 | D:7      | Killed a hornet
  6352 | D:7      | Reached skill level 2 in Spellcasting
  6358 | D:7      | Found Pamucw's Distillery.
  6359 | D:7      | Identified a +0 dagger
  6359 | D:7      | Identified a +0 robe
  6359 | D:7      | Identified a +0 mace
  6359 | D:7      | Identified a +2 flail of protection
  6359 | D:7      | Identified a +0 dagger
  6360 | D:7      | Identified a +0 short sword
  6360 | D:7      | Identified a +0 leather armour
  6404 | D:7      | Bought a potion of haste for 120 gold pieces
  6404 | D:7      | Bought a potion of might for 48 gold pieces
  6404 | D:7      | Bought a potion of curing for 36 gold pieces
  6404 | D:7      | Bought a potion of might for 48 gold pieces
  6404 | D:7      | Bought a potion of curing for 36 gold pieces
  6404 | D:7      | Bought a potion of lignification for 36 gold pieces
  6404 | D:7      | Bought a potion of ambrosia for 96 gold pieces
  6418 | D:7      | Noticed a four-headed hydra
  6431 | D:7      | HP: 18/75 [one-headed hydra (7)]
  6432 | D:7      | Killed a one-headed hydra
  6433 | D:7      | Reached skill level 12 in Axes
  6433 | D:7      | Reached skill level 3 in Conjurations
  6714 | D:7      | Identified a +0 vorpal long sword
  6768 | D:7      | Identified a +0 flail
  6778 | D:7      | Identified a +0 giant club
  6784 | D:7      | Reached skill level 5 in Armour
  6807 | D:7      | Reached skill level 5 in Fighting
  6825 | D:7      | Identified a scroll of fear
  6825 | D:7      | Identified a +0 trident
  6873 | D:7      | Identified a potion of degeneration
  6905 | D:7      | Identified a +0 whip
  6948 | D:7      | Reached skill level 6 in Fire Magic
  7012 | D:7      | Identified a +0 club
  7013 | D:7      | Identified a +0 whip
  7109 | D:7      | Identified a +0 dagger
  7137 | D:7      | Identified a +0 leather armour
  7140 | D:7      | Identified a +0 club
  7153 | D:7      | Identified a scroll of vulnerability
  7302 | D:7      | Identified a +0 flail
  7302 | D:7      | Identified a +0 ring mail
  7328 | D:8      | Identified the +9 falchion "Jurphe Teaxo" {freeze, Int+3
                  | Dex+4}
  7358 | D:8      | Reached XP level 10. HP: 81/86 MP: 16/16
  7362 | D:8      | Noticed a death yak
  7363 | D:8      | Identified a +4 ring of evasion
  7364 | D:8      | Found a staircase to the Lair.
  7371 | D:8      | Killed a death yak
  7396 | D:8      | Noticed a death yak
  7397 | D:8      | Noticed a death yak
  7397 | D:8      | Noticed a death yak
  7398 | D:8      | Noticed a death yak
  7399 | D:8      | Noticed a death yak
  7399 | D:8      | Noticed a death yak
  7404 | D:8      | Noticed a death yak
  7440 | D:7      | Killed a death yak
  7441 | D:7      | Reached skill level 13 in Axes
  7441 | D:7      | Reached skill level 4 in Conjurations
  7710 | D:8      | Reached skill level 6 in Fighting
  7742 | D:8      | Identified a +2 spear of venom
  7753 | D:8      | Identified a +3 long sword of electrocution
  7753 | D:8      | Identified a +0 chain mail
  7753 | D:8      | Noticed Harold
  7764 | D:8      | Killed Harold
  7765 | D:8      | Reached skill level 6 in Armour
  7772 | D:8      | Identified a +0 morningstar
  7775 | D:8      | Found Vanogufuyn's Overcharged Wands.
  7782 | D:8      | Identified a +0 falchion
  7782 | D:8      | Identified a +0 robe
  7782 | D:8      | Identified a +2 halberd of freezing
  7782 | D:8      | Identified a +0 robe
  7782 | D:8      | Identified a +0 trident
  7782 | D:8      | Identified a +0 robe
  7784 | D:8      | Identified a +0 whip
  7787 | D:8      | Identified a +0 trident
  7787 | D:8      | Identified a +0 scale mail
  7789 | D:8      | Identified a +0 dagger
  7789 | D:8      | Identified a +0 mace
  7789 | D:8      | Identified a +0 chain mail
  7790 | D:8      | Identified a +0 dagger
  7790 | D:8      | Identified a +0 robe
  7790 | D:8      | Identified a +0 short sword
  7790 | D:8      | Identified a +0 scale mail
  7793 | D:8      | Identified a +0 dagger
  7793 | D:8      | Identified a +0 robe
  7793 | D:8      | Identified a +0 glaive
  7793 | D:8      | Identified a +0 chain mail
  7794 | D:8      | Identified a +0 dagger
  7794 | D:8      | Identified a +0 robe
  7794 | D:8      | Identified a +0 dagger
  7794 | D:8      | Identified a +0 robe
  7795 | D:8      | Identified a +0 hand axe
  7803 | D:8      | HP: 19/87 [orc priest/divine providence (17)]
  7812 | D:8      | Found an opulent altar of Gozag.
  7853 | D:8      | Reached skill level 7 in Fire Magic
  8182 | D:6      | HP: 19/87 [death yak (22)]
  8505 | D:6      | Killed a death yak
  8506 | D:6      | Reached skill level 14 in Axes
  8506 | D:6      | Reached skill level 5 in Conjurations
  8857 | D:8      | Identified a +0 dagger
  8857 | D:8      | Identified a +0 robe
  8863 | D:8      | Identified a +0 hand axe
  8889 | D:8      | Reached *** piety under Ashenzari
  8952 | D:8      | Identified a +0 leather armour
  9049 | D:8      | HP: 14/90 [death yak (18)]
  9511 | D:7      | Killed a death yak
  9512 | D:7      | Reached XP level 11. HP: 39/95 MP: 17/17
  9553 | D:6      | Killed a death yak
 10033 | D:8      | Identified a +0 hand axe
 10033 | D:8      | Identified a +0 leather armour
 10034 | D:8      | Identified a +0 short sword
 10034 | D:8      | Identified a +0 ring mail
 10034 | D:8      | Identified a +0 whip
 10034 | D:8      | Identified a +0 ring mail
 10035 | D:8      | Identified a +0 dagger
 10035 | D:8      | Identified a +0 flail
 10129 | D:9      | Identified a +0 leather armour
 10138 | D:9      | Identified a +0 dagger
 10138 | D:9      | Identified a +0 robe
 10138 | D:9      | Noticed a wizard
 10151 | D:9      | Identified a +1 dagger of venom
 10151 | D:9      | Identified a +0 robe
 10151 | D:9      | Noticed a wizard
 10152 | D:9      | Cast into level 2 of the Abyss (a wizard)
 10192 | Abyss:2  | Noticed a wretched star
 10213 | Abyss:2  | Killed a wretched star
 10339 | Abyss:2  | Noticed a worldbinder
 10340 | Abyss:2  | Noticed a manticore
 10340 | Abyss:2  | Noticed a manticore
 10354 | Abyss:2  | Killed a worldbinder
 10362 | Abyss:2  | Noticed a thrashing horror
 10377 | Abyss:2  | Killed a thrashing horror
 10396 | Abyss:2  | HP: 13/95 [large abomination (11)]
 10397 | Abyss:2  | HP: 2/95 [large abomination (12)]
 10611 | Abyss:2  | Noticed a spatial maelstrom
 10625 | Abyss:2  | HP: 14/95 [spatial maelstrom (15)]
 10626 | Abyss:2  | HP: 1/95 [spatial maelstrom (11)]
 10630 | Abyss:2  | Slain by a spatial vortex

Table legend: (Time is in decaauts)
 A = Elapsed time spent in this place.
 B = Non-inter-level travel time spent in this place.
 C = Inter-level travel time spent in this place.
 D = Time resting spent in this place.
 E = Time spent auto-exploring this place.
 F = Levels seen in this place.
 G = Mean time per level.
                   A        B        C        D        E       F      G
               +--------+--------+--------+--------+--------+-----+--------+
         Total |  10611 |  10071 |    540 |   3328 |   4370 |  10 | 1061.1 |
       Dungeon |  10140 |   9600 |    540 |   3033 |   4370 |   9 | 1126.7 |
         Abyss |    470 |    470 |      0 |    295 |      0 |   1 |  470.0 |
               +--------+--------+--------+--------+--------+-----+--------+

Top non-repeatable levels by time:
     D:7: 1650 daAuts
     D:6: 1405 daAuts
     D:3: 1357 daAuts
     D:2: 1349 daAuts
     D:1: 1307 daAuts
     D:8: 1210 daAuts
     D:4: 1044 daAuts
     D:5: 793 daAuts
 Abyss:2: 470 daAuts
     D:9: 22 daAuts

Table legend:
 A = Kills in this place as a percentage of kills in entire the game.
 B = Kills by you in this place as a percentage of kills by you in the entire game.
 C = Kills by friends in this place as a percentage of kills by friends in the entire game.
 D = Other kills in this place as a percentage of other kills in the entire game.
 E = Experience gained in this place as a percentage of experience gained in the entire game.
 F = Experience gained in this place divided by the number of levels of this place that you have seen.
                   A       B       C       D       E      F
               +-------+-------+-------+-------+-------+----------------------
         Total | 100.0 | 100.0 |   N/A |   N/A | 100.0 | 1079.4
       Dungeon |  96.9 |  96.9 |   N/A |   N/A | 100.0 | 1199.3
         Abyss |   3.1 |   3.1 |   N/A |   N/A |   0.0 |   0.0
               +-------+-------+-------+-------+-------+----------------------

Skill      XL: |  1  2  3  4  5  6  7  8  9 10 |
---------------+-------------------------------+-----
Armour         | 1 2 3 4 5 6 |  6.0
Fighting       | 3 5 6 |  6.2
Axes           | 5 7 8 11 12 14 | 14.9
Fire Magic     | 1 2 4 6 7 |  7.9
Conjurations   | 1 2 3 5 |  5.9
Spellcasting   | 1 2 |  2.5
Throwing       | |  1.7
Dodging        | |  2.6

Action                   |  1- 3 |  4- 6 |  7- 9 | 10-12 || total
-------------------------+-------+-------+-------+-------++-------
Melee: War axe           |    95 |   155 |    59 |       ||   309
       Punch             |     1 |     4 |     1 |       ||     6
       Battleaxe         |       |       |   170 |   192 ||   362
       Hand axe          |       |       |     8 |       ||     8
Throw: Dart              |     3 |    16 |     8 |       ||    27
       Throwing net      |       |     4 |     2 |       ||     6
 Cast: Foxfire           |     3 |       |    14 |       ||    17
       Flame Wave        |       |       |       |     5 ||     5
Invok: Curse Item        |       |     2 |     2 |     1 ||     5
Evoke: Wand              |       |    12 |       |       ||    12
  Use: Potion            |       |       |     2 |    11 ||    13
       Scroll            |       |       |       |     1 ||     1
 Stab: Sleeping          |       |     1 |       |       ||     1
Armor: Leather armour    |    36 |    50 |     2 |       ||    88
       Ring mail         |       |       |   124 |    79 ||   203
Dodge: Dodged            |    68 |    99 |   127 |   116 ||   410

Vanquished Creatures
  A hydra (D:7)
  Harold (D:8)
  A thrashing horror (Abyss:2)
  5 death yaks
  A wretched star (Abyss:2)
  A worldbinder (Abyss:2)
  A hornet (D:7)
  A steam dragon (D:8)
  A large abomination (Abyss:2)
  A water moccasin (D:6)
  A small abomination (Abyss:2)
  2 black bears
  An orc warrior (D:8)
  An ice beast (Abyss:2)
  4 sky beasts
  A hornet zombie (D:6)
  2 necrophages
  3 ogres
  2 centaurs
  Blork the orc (D:5)
  3 bullfrogs
  A wyvern zombie (D:7)
  4 scorpions
  A wyvern skeleton (D:6)
  3 wights (D:8)
  2 centaur zombies
  A bullfrog zombie (D:6)
  A centaur skeleton (D:7)
  3 hounds
  A bullfrog skeleton (D:6)
  4 orc priests
  Crazy Yiuf (D:2)
  3 iguanas
  Natasha (thrice) (D:2)
  8 orc wizards
  Terence (D:2)
  A hound skeleton (D:4)
  A howler monkey zombie (D:6)
  Robin (D:3)
  4 adders
  A howler monkey skeleton (D:7)
  A shadow imp (D:7)
  2 worms
  2 dart slugs (D:1)
  34 orcs
  9 endoplasms
  4 giant cockroaches
  13 goblins
  10 hobgoblins
  3 kobolds
  9 quokkas
  8 ball pythons
  7 bats
  2 frilled lizards
  10 rats
194 creatures vanquished.

Vanquished Creatures (others)
  28 foxfires
  10 fungi
  A plant (D:3)
  4 toadstools (D:3)
  4 withered plants (D:4)
47 creatures vanquished.

Grand Total: 241 creatures vanquished
